[Event "84th Tata Steel Challengers 2022"]
[Site "Wijk aan Zee"]
[Date "2022.01.29"]
[Round "12.7"]
[White "Vogel, Roven"]
[Black "Maurizzi, Marc`Andria"]
[Result "1/2-1/2"]
[ECO "D37"]
[WhiteElo "2452"]
[BlackElo "2496"]
[Annotator "RC"]
[PlyCount "97"]
[EventDate "2022.01.15"]
[EventType "tourn"]
[EventCountry "NED"]
[SourceTitle "playchess.com"]
[Source "ChessBase"]
[SourceQuality "1"]
[TimeControl "40/6000+30:20/3000+30:900+30"]

1. c4 e6 2. Nc3 d5 3. d4 a6 4. cxd5 exd5 5. Nf3 Nf6 6. Bg5 Be6 7. Bxf6 Qxf6 8. Qb3 Ra7 9. a3 b5 10. Qc2 Bf5 11. Qd2 c6 12. g3 Bd6 13. Bg2 O-O 14. O-O Re8 15. Nh4 Rae7 16. f3 Bc8 17. f4 b4 18. axb4 Bxb4 19. Rf2 Qd6 20. Nf3 f6 21. Ne1 a5 22. Nd3 Ba6 23. Bf3 Bc4 24. Qc2 Nd7 25. Nxb4 axb4 26. Nb1 Nb6 27. Qd1 Re3 28. Nd2 b3 29. Nf1 R3e7 30. Qd2 Qb8 31. g4 Ra7 32. Rb1 Ra2 33. Ng3 Na4 34. Kg2 Qd6 35. f5 Ra8 36. Rff1 Qa3 37. Qe3 Nxb2 38. Qe6+ Kh8 39. Qxc6 Rd8 40. Nh5 Qe7 41. Nf4 Ra6 42. Qc5 Qxc5 43. dxc5 Na4 44. Rfc1 Nxc5 45. Nxd5 Bxd5 46. Rxc5 Bg8 47. Rb5 Ra3 48. Rc1 Ra7 49. h4 1/2-1/2